 Dungeon Crawl Stone Soup version 0.32-a0-20-ge526923d97 (webtiles) character file.

Game seed: 9872065412798756122

8113 timneilson the Grappler (level 11, -6/76 HPs)
             Began as an Octopode Shapeshifter on Jan 17, 2024.
             Was an Initiate of Gozag.
             Killed by the air
             ... invoked by Gastronok
              (30 damage)
             ... on level 10 of the Dungeon on Jan 18, 2024.
             The game lasted 00:25:23 (11080 turns).

timneilson the Grappler (Octopode Shapeshifter)    Turns: 11080, Time: 00:25:24

Health: -6/76      AC:  1    Str: 24    XL:     11   Next: 25%
Magic:  11/11      EV: 20    Int: 17    God:    Gozag
Gold:   290        SH:  5    Dex: 12    Spells: 10/10 levels left

rFire   + .          .
                       - Unarmed
rCold   + . .        y - melded +2 buckler of the Monk {rN++}
rNeg    . . .        (helmet restricted)
rPois   +            A - amulet of reflection
rElec   .            E - ring of Beogh's Regard {rPois Will+}
rCorr   .            s - ring of Casuq {Str+6 Int+5}
SInv    +            z - ring of see invisible
Will    ++...        u - ring of protection from fire
Stlth   ++           x - ring of willpower
HPRegen 0.32/turn    k - ring of protection from cold
MPRegen 0.12/turn    (no ring)
                     (no ring)

%: reflection
@: flux-form, glowing, studying 2 skills
A: glow, contaminating, almost no armour, amphibious, 8 rings, camouflage 1,
gelatinous body 1, (nimble swimmer 1), tentacles
a: Begin Untransformation, Renounce Religion, Potion Petition, Call Merchant,
Bribe Branch


You were on level 10 of the Dungeon.
You worshipped Gozag.
Gozag was aware of your devotion.
You were something dangerously unstable.
You visited 1 branch of the dungeon, and saw 10 of its levels.

You collected 2895 gold pieces.
You spent 1885 gold pieces at shops.
You paid 720 gold pieces to Gozag.

Inventory:

Missiles
 n - 4 throwing nets (quivered)
Armour
 y - the +2 buckler of the Monk (melded) {rN++}
   (You acquired it on level 6 of the Dungeon)

   rN++:      It greatly protects you from negative energy.
Jewellery
 k - a ring of protection from cold (on tentacle)
 s - the ring of Casuq (right tentacle) {Str+6 Int+5}
   (You took it off a deep elf pyromancer on level 7 of the Dungeon)

   [ring of strength]

   Str+6:     It affects your strength (+6).
   Int+5:     It affects your intelligence (+5).
 u - a ring of protection from fire (on tentacle)
 x - a ring of willpower (on tentacle)
 z - a ring of see invisible (on tentacle)
 A - an amulet of reflection (around mantle)
 E - the ring of Beogh's Regard (left tentacle) {rPois Will+}
   (You bought it in a shop on level 8 of the Dungeon)

   [ring of willpower]

   rPois:     It protects you from poison Will+: It increases your willpower.
Talismans
 b - a beast talisman
 c - a flux talisman (active)
 p - a talisman of death
 G - a dragon-blood talisman
Wands
 v - a wand of iceblast (9)
 w - a wand of paralysis (7)
 B - a wand of acid (3)
 D - a wand of flame (10)
Scrolls
 e - 3 scrolls of revelation
 g - a scroll of fear
 i - 3 scrolls of brand weapon
 j - 2 scrolls of poison
 r - 6 scrolls of teleportation
 t - 2 scrolls of amnesia
Potions
 a - a potion of lignification
 d - 3 potions of magic
 f - 5 potions of invisibility
 h - a potion of brilliance
 l - a potion of heal wounds
 m - 2 potions of enlightenment
 o - a potion of curing
 q - 3 potions of mutation
 C - a potion of might
 F - a potion of attraction {unknown}
 H - a potion of degeneration {unknown}


   Skills:
 * Level 7.7 Fighting
 * Level 7.9 Dodging
 + Level 8.0 Stealth
 + Level 5.0 Shields
 * Level 8.2 Unarmed Combat
 + Level 3.8 Evocations
 * Level 7.7 Shapeshifting


You had 10 spell levels left.
You didn't know any spells.
Your spell library contained the following spells:

 Spells                   Type           Power      Damage    Failure   Level
 Call Imp                 Summ           0%         N/A       34%         2
 Ensorcelled Hibernation  Hex/Ice        0%         N/A       34%         2
 Sublimation of Blood     Necr           0%         N/A       34%         2
 Passwall                 Erth           0%         N/A       56%         3
 Swiftness                Air            0%         N/A       56%         3
 Summon Hydra             Summ           0%         N/A       100%        7


Dungeon Overview and Level Annotations

Branches:
Dungeon (10/15)            Temple (0/1) D:5            Lair (0/5) D:9
    Orc: D:9-12

Altars:
Cheibriados
Dithmenos
Gozag
Nemelex Xobeh
Trog
Uskayaw
Wu Jian
Xom
Yredelemnul

Shops:
D:1 :   D:7 =   D:8 =   D:9 *

Annotations:
D:3 3 runed translucent doors, AmazonPaysMe's ghost, amateur HOBe
D:4 2 runed translucent doors, Newt's ghost, amateur KoHu
D:10 1 runed translucent door, Gastronok; SheepSpotted's ghost, novice DrSh


Innate Abilities, Weirdness & Mutations

You are something dangerously unstable.
You glow with magical radiation, making you easy to see and hit.
Foes you strike become dangerously contaminated with magical radiation.
You are incapable of wielding weapons or throwing items.
You cannot wear most types of armour.
You are amphibious.
You can wear up to eight rings at the same time.
Your skin changes colour to match your surroundings (Stealth+).
Your rubbery body absorbs attacks. (AC +1, EV +1)
((You are camouflaged when in or above water. (Stealth+)))
You have tentacles for arms and can constrict up to eight enemies at once.


Message History

Gastronok is lightly wounded.
Gastronok bites you!!
You tentacle-slap Gastronok but do no damage.
Gastronok shudders as magic cascades through him!!
Gastronok twists and deforms.
You squeeze Gastronok!
Gastronok is moderately wounded.
You bludgeon Gastronok!
Gastronok begins to glow.
You squeeze Gastronok!
Gastronok is moderately wounded.
You tentacle-slap Gastronok.
Gastronok glows dangerously bright.
You squeeze Gastronok!
Gastronok is heavily wounded.
Gastronok mumbles some strange words.
Gastronok puts on a burst of speed!
You bludgeon Gastronok!
Gastronok shudders as magic cascades through him!
Gastronok twists and deforms.
Gastronok is heavily wounded.
You bludgeon Gastronok!
Gastronok begins to glow.
Gastronok is severely wounded.
Gastronok misses you.
You tentacle-slap Gastronok.
Gastronok glows dangerously bright.
Gastronok is severely wounded.
You tentacle-slap Gastronok but do no damage.
Gastronok shudders as magic cascades through him!!
Gastronok twists and deforms.
Gastronok is severely wounded.
Gastronok bites you!!
You tentacle-slap Gastronok.
Gastronok begins to glow.
You squeeze Gastronok.
Gastronok is almost dead.
You tentacle-slap Gastronok.
Gastronok glows dangerously bright.
Gastronok is almost dead.
You tentacle-slap Gastronok.
Gastronok shudders as magic cascades through him.
Gastronok twists and deforms.
Gastronok is almost dead.
Gastronok waves his eye-stalks in wide circles.
The air twists around and strikes you!!
You die...
Gastronok gurgles, "About time.
I'm starving!"
Your body crumbles into a pile of gold.

##......#.....#####............#∩
........#.....#................#.
........#'#####................#3
...............................#.
...............................##
.....####'#...##########.........
.....#....#...#........#.........
##...#....#.[.#.w......#.........
#...#....#...#.p......#.........
#...#....#...#..#####.#.........
#...#....#...#..#...#.#.........
#...######...#..#...#.#...######
#............#..#...#.#...#.....
#............#..#...#.#...#.....
##...........##..#''##.#...+.....
.........[...'.........#...#.....
.............#####'##+##...#.....


You could see Gastronok (swift, misshapen).

Vanquished Creatures
  Fannar (D:10)
  A deep elf pyromancer (D:7)
  2 unseen horrors (D:10)
  A komodo dragon (D:10)
  Sigmund (D:3)
  2 shadows (D:10)
  A wyvern (D:9)
  5 yaks (D:10)
  A steam dragon (D:7)
  3 vampire mosquitoes (D:10)
  An acid dragon (D:10)
  2 water moccasins (D:7)
  2 orc warriors
  3 ice beasts
  2 ogres (D:4)
  3 black bears
  2 sky beasts
  6 centaurs
  2 kobold brigands
  Blork the orc (D:4)
  3 bullfrogs
  A gnoll sergeant (D:9)
  2 scorpions
  6 wights
  8 killer bees
  5 howler monkeys (D:9)
  7 hounds
  2 bombardier beetles
  A gnoll bouda (D:9)
  4 orc priests
  4 jellies
  3 sleepcaps
  6 iguanas
  An orc wizard (D:9)
  2 hound zombies (D:5)
  16 gnolls
  6 adders
  A white imp (D:6)
  2 ufetubi (D:6)
  A dart slug (D:4)
  2 ribbon worms
  11 orcs
  A bat (D:1)
  10 endoplasms
  A giant cockroach (D:2)
  6 goblins
  10 hobgoblins
  2 jackals (D:9)
  A quokka (D:4)
  2 ball pythons
  2 frilled lizards (D:1)
  18 kobolds
  4 rats
193 creatures vanquished.

Notes
Turn   | Place    | Note
-------+----------+-------------------------------------------
     0 | D:1      | timneilson the Octopode Shapeshifter began the quest for
                  | the Orb.
     0 | D:1      | Reached XP level 1. HP: 13/13 MP: 1/1
   218 | D:1      | Found Logiotz's Book Emporium.
   288 | D:1      | Reached XP level 2. HP: 15/18 MP: 2/2
   993 | D:2      | Reached skill level 1 in Stealth
  1143 | D:2      | Reached XP level 3. HP: 20/23 MP: 3/3
  1506 | D:2      | Found a faded altar of an unknown god.
  2213 | D:3      | Found a shadowy altar of Dithmenos.
  2215 | D:3      | Found a shimmering altar of Xom.
  2350 | D:3      | Noticed Sigmund
  2363 | D:3      | Killed Sigmund
  2364 | D:3      | Reached XP level 4. HP: 9/30 MP: 1/4
  2364 | D:3      | Reached XP level 5. HP: 10/35 MP: 1/5
  2529 | D:3      | Reached XP level 6. HP: 41/41 MP: 6/6
  2634 | D:3      | Found a runed translucent gate.
  2644 | D:3      | Found a sparkling altar of Nemelex Xobeh.
  2644 | D:3      | Found an opulent altar of Gozag.
  2650 | D:3      | Became a worshipper of Gozag Ym Sagoz the Greedy
  2661 | D:3      | Found a runed translucent gate.
  2662 | D:3      | Found a runed translucent gate.
  2662 | D:3      | Identified the +2 leather armour of Nubi {rElec Regen+}
  2663 | D:3      | Noticed AmazonPaysMe's ghost (amateur HOBe)
  3026 | D:4      | Found a snail-covered altar of Cheibriados.
  3294 | D:4      | Found a runed translucent door.
  3300 | D:4      | Noticed Newt's ghost (amateur KoHu)
  3320 | D:4      | Noticed a black bear
  3334 | D:4      | Killed a black bear
  3634 | D:4      | Reached XP level 7. HP: 24/46 MP: 4/7
  3719 | D:4      | Noticed Blork the orc
  3725 | D:4      | Killed Blork the orc
  4319 | D:4      | Found a runed translucent door.
  4566 | D:5      | Entered Level 5 of the Dungeon
  4600 | D:4      | Reached skill level 5 in Unarmed Combat
  4600 | D:4      | Reached XP level 8. HP: 44/54 MP: 6/8
  4662 | D:5      | Found a staircase to the Ecumenical Temple.
  4675 | D:5      | Reached skill level 5 in Shapeshifting
  4975 | D:5      | Found a basalt altar of Yredelemnul.
  5106 | D:5      | Found a hide-covered altar of Uskayaw.
  5122 | D:5      | Reached skill level 5 in Dodging
  5262 | D:5      | Identified a scroll of acquirement
  5262 | D:5      | Acquired a manual of Shields
  5547 | D:6      | Reached skill level 5 in Fighting
  5547 | D:6      | Reached skill level 5 in Stealth
  5772 | D:6      | Reached XP level 9. HP: 61/61 MP: 9/9
  6589 | D:6      | Acquired a manual of Air Magic
  6591 | D:6      | Acquired the +2 buckler of the Monk {rN++}
  6598 | D:6      | Acquired 1070 gold pieces
  6817 | D:7      | Found an ornate altar of the Wu Jian Council.
  6832 | D:7      | Reached skill level 1 in Evocations
  6847 | D:7      | Reached skill level 1 in Shields
  7026 | D:7      | Noticed a deep elf pyromancer
  7329 | D:7      | Identified the ring of Casuq {Str+6 Int+5}
  7335 | D:7      | Killed a deep elf pyromancer
  7517 | D:7      | Reached XP level 10. HP: 43/68 MP: 7/10
  7973 | D:7      | Bought a ring of protection from fire for 350 gold pieces
  7974 | D:7      | Bought a ring of willpower for 350 gold pieces
  8382 | D:8      | Found Udeps's Jewellery Shoppe.
  8395 | D:8      | Bought an amulet of reflection for 390 gold pieces
  8482 | D:8      | Found a bloodstained altar of Trog.
  8784 | D:9      | Found Xajeloir's Assorted Antiques.
  9242 | D:8      | Bought the ring of Beogh's Regard {rPois Will+} for 470
                  | gold pieces
  9430 | D:9      | Found a staircase to the Lair.
  9819 | D:10     | Entered Level 10 of the Dungeon
  9819 | D:10     | Found a runed translucent door.
  9829 | D:10     | Noticed SheepSpotted's ghost (novice DrSh)
  9834 | D:10     | Noticed an unseen horror
  9842 | D:10     | Killed an unseen horror
  9847 | D:10     | Noticed an unseen horror
  9857 | D:10     | Killed an unseen horror
 10053 | D:10     | Noticed Fannar
 10307 | D:8      | Bought a ring of protection from cold for 325 gold pieces
 10396 | D:10     | Killed Fannar
 10397 | D:10     | Reached XP level 11. HP: 22/75 MP: 11/11
 10968 | D:10     | Reached skill level 5 in Shields
 11063 | D:10     | Noticed Gastronok
 11080 | D:10     | Killed from afar by Gastronok

Illustrated notes

Levels and vault maps discovered:
D:1:      dpeg_arrival_stone_temple_mockup, layout_loops_corners, serial_shops,
          shop, minmay_split_cup_large
D:2:      layout_basic, chequers_ecumenical_altar_grove, chequers_jeans
D:3:      cheibrodos_thug_alley, layout_rooms, grunt_temple_overflow_opulence,
          grunt_temple_overflow_open, biasface_ghost_orc_armoury, uniq_sigmund
D:4:      minmay_razor_zed, layout_gridville, cheibriados_altar_1,
          ebering_ghost_sewer_f, serial_bayou, serial_bayou_pond_d,
          serial_bayou_shore_b, serial_bayou_pond_a, serial_bayou_shore_b,
          uniq_blork_the_orc
D:5:      layout_rooms, lemuel_doored_altar, lemuel_zombie_altar_yredelemnul,
          minmay_temple_entry_overgrown, nicolae_underground_beach
D:6:      layout_basic
D:7:      minmay_clustersquares, layout_loops_cross,
          mainiacjoe_overflow_catwalk, kennysheep_windowed_goal
D:8:      layout_loops_ring, general_overflow_altar, serial_shops,
          nicolae_diamond_shop
D:9:      layout_cave_pools, lair_entry_dummy, serial_gnoll_camp,
          gnoll_camp_mini_shop, gnoll_camp_medium_02, gnoll_camp_mini_hut,
          gnoll_camp_mini_hut
D:10:     layout_irregular_city, hellmonk_ghost_big_iron,
          minmay_gold_behind_fungi, uniq_fannar, uniq_gastronok

Skill      XL: |  1  2  3  4  5  6  7  8  9 10 11 |
---------------+----------------------------------+-----
Stealth        | 1 2 3 4 5 6 7 8 |  8.0
Fighting       | 2 3 4 5 6 7 |  7.7
Dodging        | 3 4 5 6 7 |  7.9
Unarmed Combat | 4 5 7 8 |  8.2
Shapeshifting  | 4 5 6 7 |  7.7
Evocations     | 2 3 |  3.8
Shields        | 2 4 5 |  5.0

Action                     |  1- 3 |  4- 6 |  7- 9 | 10-12 || total
---------------------------+-------+-------+-------+-------++-------
  Melee: Unarmed           |    70 |    44 |   199 |   217 ||   530
         Constrict         |    12 |    10 |    32 |    39 ||    93
         Tentacles         |    11 |    12 |    52 |    54 ||   129
         Punch             |     3 |     1 |     6 |    10 ||    20
 Invoke: Call Merchant     |       |       |       |     1 ||     1
    Use: Scroll            |    10 |     2 |    11 |     5 ||    28
         Potion            |       |       |     2 |     1 ||     3
   Stab: Sleeping          |     7 |     7 |    13 |     8 ||    35
         Distracted        |       |       |     1 |     1 ||     2
 Armour: Skin              |    31 |    20 |    90 |    80 ||   221
  Dodge: Dodged            |    29 |    15 |   110 |    89 ||   243
  Block: Buckler           |       |       |    11 |    63 ||    74
         Reflection        |       |       |       |     5 ||     5
         Other             |       |       |       |     6 ||     6
   Form: Flux              |       |       |       |     1 ||     1

Table legend: (Time is in decaauts)
 A = Elapsed time spent in this place.
 B = Non-inter-level travel time spent in this place.
 C = Inter-level travel time spent in this place.
 D = Time resting spent in this place.
 E = Time spent auto-exploring this place.
 F = Levels seen in this place.
 G = Mean time per level.
                   A        B        C        D        E       F      G
               +--------+--------+--------+--------+--------+-----+--------+
         Total |  11031 |  10427 |    604 |   1714 |   5983 |  10 | 1103.1 |
       Dungeon |  11031 |  10427 |    604 |   1714 |   5983 |  10 | 1103.1 |
               +--------+--------+--------+--------+--------+-----+--------+

Top non-repeatable levels by time:
     D:4: 1622 daAuts
     D:6: 1564 daAuts
    D:10: 1149 daAuts
     D:7: 1129 daAuts
     D:2: 1055 daAuts
     D:1: 985 daAuts
     D:9: 976 daAuts
     D:8: 954 daAuts
     D:3: 901 daAuts
     D:5: 693 daAuts
